 Dungeon Crawl Stone Soup version 0.27-a0-1191-g601b473118 (webtiles) character file.

Game seed: 12198296012236530603

398 jasper the Grave Robber (level 6, 0/44 HPs)
             Began as a Demonspawn Necromancer on May 23, 2021.
             Slain by a lemure (8 damage)
             ... led by Pikel
             ... on level 7 of the Dungeon.
             The game lasted 00:11:16 (5632 turns).

jasper the Grave Robber (Demonspawn Necromancer)    Turns: 5632, Time: 00:11:17

Health: 0/44       AC:  5    Str:  9    XL:     6   Next: 53%
Magic:  10/10      EV: 12    Int: 18    God:
Gold:   123        SH:  5    Dex: 13    Spells: 3/10 levels left

rFire    . . .     SeeInvis .     - Unarmed
rCold    . . .     Faith    .   (no shield)
rNeg     . . .     Spirit   .   x - +2 robe {Will+}
rPois    .         Reflect  +   (no helmet)
rElec    .         Harm     .   (no cloak)
rCorr    .         Rampage  .   (no gloves)
Will     +....                  s - +0 pair of boots
Stlth    ++........             e - amulet of reflection
HPRegen  0.14/turn              (no ring)
MPRegen  0.12/turn              (no ring)

@: no status effects
A: talons 1, spiny 1
a: no special abilities


You were on level 7 of the Dungeon.
You visited 2 branches of the dungeon, and saw 8 of its levels.

You collected 123 gold pieces.

Inventory:

Hand Weapons
 f - a +0 dagger
 g - a +0 hand axe
 k - a +0 club
Missiles
 b - 27 arrows
 c - 41 stones
 i - 32 bolts
 q - 12 boomerangs
Armour
 a - a +0 robe
 o - a +0 leather armour
 s - a +0 pair of boots (worn)
 x - a +2 robe of willpower (worn)
Jewellery
 e - an amulet of reflection (around neck)
 n - a ring of flight
Scrolls
 d - a scroll of brand weapon {unknown}
 j - a scroll of amnesia {unknown}
 l - a scroll of teleportation {unknown}
 p - a scroll of enchant armour {unknown}
 t - 2 scrolls of silence {unknown}
 u - a scroll of fog {unknown}
 v - a scroll of fear {unknown}
 w - a scroll of noise {unknown}
Potions
 h - a potion of curing
 m - a potion of brilliance {unknown}
 r - 2 potions of flight {unknown}


   Skills:
 + Level 2.2 Fighting
 + Level 2.7 Dodging
 - Level 1.7 Stealth
 + Level 2.0 Unarmed Combat
 + Level 2.9 Spellcasting
 * Level 6.7 Necromancy


You had 3 spell levels left.
You knew the following spells:

 Your Spells              Type           Power      Damage    Failure   Level
a - Pain                  Necr           100%       1d9       1%          1
b - Animate Skeleton      Necr           52%        N/A       1%          1
c - Vampiric Draining     Necr           13%        2d7       3%          3
d - Wereblood             Tmut           2%         N/A       26%         2

Your spell library contained the following spells:

 Spells                   Type           Power      Damage    Failure   Level
 Beastly Appendage        Tmut           4%         N/A       17%         1
 Corona                   Hex            2%         N/A       17%         1
 Shock                    Conj/Air       8%         1d3       17%         1
 Ensorcelled Hibernation  Hex/Ice        4%         N/A       26%         2
 Slow                     Hex            2%         N/A       26%         2
 Static Discharge         Conj/Air       2%         N/A       26%         2
 Confusing Touch          Hex            2%         N/A       45%         3
 Dazzling Flash           Conj/Hex       4%         N/A       45%         3
 Inner Flame              Hex/Fire       2%         N/A       45%         3
 Portal Projectile        Hex/Tloc       4%         N/A       45%         3
 Spider Form              Tmut/Pois      1%         N/A       45%         3
 Swiftness                Air            2%         N/A       45%         3
 Tukima's Dance           Hex            2%         N/A       45%         3
 Animate Dead             Necr           13%        N/A       11%         4
 Agony                    Necr           26%        N/A       28%         5
 Airstrike                Air            1%         N/A       86%         4
 Cause Fear               Hex            1%         N/A       86%         4
 Ice Form                 Ice/Tmut       2%         N/A       86%         4
 Leda's Liquefaction      Hex/Erth       1%         N/A       86%         4
 Hydra Form               Tmut           1%         N/A       99%         5
 Lightning Bolt           Conj/Air       1%         1d12      99%         5


Dungeon Overview and Level Annotations

Branches:
Dungeon (7/15)             Temple (1/1) D:4

Altars:
Ashenzari
Elyvilon
Fedhas
Gozag
Hepliaklqana
Kikubaaqudgha
Makhleb
Nemelex Xobeh
Qazlal
Sif Muna
Trog
Uskayaw
Vehumet
Xom
Yredelemnul
Zin

Annotations:
D:3 exclusion: scorpion
D:4 exclusions: 2 gnolls and gnoll sergeant
D:5 exclusion: zombie, Eustachio
D:6 Edmund


Innate Abilities, Weirdness & Mutations

You have sharp toenails.
You are partially covered in sharp spines.


Message History

The lemure is struck by your spines. The lemure hits you.
You take 1 damage, and have 17/44 hp.
You barely miss the lemure.
The lemure is heavily wounded.
The lemure hits you but does no damage.
You closely miss the lemure.
The lemure is heavily wounded.
The lemure completely misses you.
You hit the lemure but do no damage.
The lemure is heavily wounded.
You block the lemure's attack.
You barely miss the lemure.
The lemure is heavily wounded.
The lemure hits you but does no damage.
You hit the lemure.
The lemure is heavily wounded.
The lemure barely misses you.
You miss the lemure.
The lemure is heavily wounded.
The lemure barely misses you.
You miss the lemure.
The lemure is heavily wounded.
The lemure is struck by your spines. The lemure misses you.
You closely miss the lemure.
The lemure is heavily wounded.
The lemure is struck by your spines. The lemure closely misses you.
You barely miss the lemure.
The lemure is severely wounded.
The lemure hits you.
* * * LOW HITPOINT WARNING * * *
You take 6 damage, and have 12/44 hp.
You barely miss the lemure.
The lemure is severely wounded.
The lemure hits you.
* * * LOW HITPOINT WARNING * * *
You take 5 damage, and have 7/44 hp.
You closely miss the lemure.
The lemure is severely wounded.
The lemure hits you!
You die...

.......#.. #
.......#.## .#
.......... ..#+
.........######..?.
......#...........
.................
#.............
#@5...<.......
...........!........
$...................
...........<..#.....
##.....[.....###....
##.........## +...
..........## #[.
......_.... ..


You could see a lemure.

Vanquished Creatures
  A bullfrog (D:6)
  A wyvern skeleton (D:6)
  A hound (D:6)
  An iguana (D:6)
  2 orc wizards (D:6)
  A killer bee zombie (D:6)
  A hound skeleton (D:5)
  A howler monkey zombie (D:6)
  5 adders
  An adder skeleton (D:4)
  A worm (D:4)
  4 dart slugs
  7 orcs
  6 ball pythons
  6 bats
  5 endoplasms
  4 giant cockroaches
  6 hobgoblins
  10 jackals (D:4)
  A quokka (D:4)
  3 goblins
  4 kobolds
  2 rats
74 creatures vanquished.

Vanquished Creatures (others)
  A demonic plant (D:3)
  A withered plant (D:3)
2 creatures vanquished.

Grand Total: 76 creatures vanquished

Notes
Turn   | Place    | Note
-------+----------+-------------------------------------------
     0 | D:1      | jasper the Demonspawn Necromancer began the quest for the
                  | Orb.
     0 | D:1      | Reached XP level 1. HP: 13/13 MP: 3/3
   550 | D:1      | Gained mutation: You are partially covered in sharp spines.
                  | [demonic ancestry]
   550 | D:1      | Reached XP level 2. HP: 16/19 MP: 0/5
   641 | D:1      | Reached skill level 5 in Necromancy
  1480 | D:2      | Found an opulent altar of Gozag.
  1788 | D:2      | Learned a level 1 spell: Animate Skeleton
  2124 | D:3      | Reached XP level 3. HP: 21/24 MP: 3/6
  2251 | D:3      | Found a faded altar of an unknown god.
  2420 | D:3      | Noticed a scorpion
  2729 | D:4      | Learned a level 3 spell: Vampiric Draining
  3167 | D:4      | Gained mutation: You have sharp toenails. [demonic
                  | ancestry]
  3167 | D:4      | Reached XP level 4. HP: 22/31 MP: 4/7
  3298 | D:4      | Noticed a gnoll sergeant
  3325 | D:4      | Found a staircase to the Ecumenical Temple.
  3339 | Temple   | Entered the Ecumenical Temple
  4124 | D:4      | Reached skill level 1 in Unarmed Combat
  4157 | D:3      | Found a hide-covered altar of Uskayaw.
  4157 | D:3      | Found a bloodstained altar of Trog.
  4160 | D:3      | Found a sparkling altar of Nemelex Xobeh.
  4176 | D:5      | Entered Level 5 of the Dungeon
  4232 | D:5      | Learned a level 2 spell: Wereblood
  4235 | D:5      | Noticed Eustachio
  4307 | D:5      | Reached skill level 1 in Fighting
  4501 | D:6      | Noticed a bullfrog
  4509 | D:6      | Killed a bullfrog
  4510 | D:6      | Reached skill level 6 in Necromancy
  4510 | D:6      | Reached XP level 5. HP: 33/37 MP: 8/8
  4967 | D:6      | Reached XP level 6. HP: 11/44 MP: 3/10
  5553 | D:6      | Noticed Edmund
  5553 | D:6      | Noticed a sky beast
  5592 | D:7      | Found a burning altar of Makhleb.
  5632 | D:7      | Slain by a lemure

Illustrated notes

Levels and vault maps discovered:
D:1:      amcnicky_arrival_double_pillar, layout_loops_ring, serial_rivers,
          chequers_serial_rivers_small_3, chequers_serial_rivers_large_b,
          chequers_serial_rivers_small_3, chequers_serial_rivers_small_3,
          chequers_serial_rivers_small_3, chequers_serial_rivers_room_a
D:2:      layout_basic, basic_altar, hex_tiny
D:3:      layout_loops_corners, nicolae_overflow_hidden_temple,
          shapermc_ecumenical_altar_gd, gammafunk_ghost_abyssal_escape
D:4:      layout_basic, minmay_temple_entry_tees, minmay_crossroads
D:5:      layout_layer_cave, nicolae_overflow_crystal_walls,
          uniq_crazy_yiuf_cottage, uniq_blork_the_orc, uniq_eustachio
D:6:      layout_basic, uniq_edmund
D:7:      layout_basic, bloody_makhleb, nicolae_dithmenos_the_darkroom,
          ebering_ghost_gozag, enter_ossuary_5, hangedman_decor_slide_cut,
          ebering_dispersal_statue_hall, uniq_prince_ribbit1, uniq_pikel,
          uniq_joseph
Temple:   hc_temple_tempest_star

Skill      XL: |  1  2  3  4  5  6 |
---------------+-------------------+-----
Necromancy     | 5 6 |  6.7
Dodging        | 2 |  2.7
Unarmed Combat | 1 2 |  2.0
Fighting       | 1 2 |  2.2
Stealth        | |  1.7
Spellcasting   | |  2.9

Action                   |  1- 3 |  4- 6 || total
-------------------------+-------+-------++-------
Melee: Unarmed           |    13 |   185 ||   198
       Hand axe          |     8 |       ||     8
 Cast: Pain              |    67 |     2 ||    69
       Vampiric Draining |       |     5 ||     5
  Use: Scroll            |     2 |     1 ||     3
       Potion            |       |     1 ||     1
Armor: Robe              |     1 |     4 ||     5
       Leather armour    |     9 |    35 ||    44
Dodge: Dodged            |    10 |    61 ||    71
Block: Other             |    11 |    35 ||    46
       Reflection        |       |     1 ||     1

Table legend: (Time is in decaauts)
 A = Elapsed time spent in this place.
 B = Non-inter-level travel time spent in this place.
 C = Inter-level travel time spent in this place.
 D = Time resting spent in this place.
 E = Time spent auto-exploring this place.
 F = Levels seen in this place.
 G = Mean time per level.
                   A        B        C        D        E       F      G
               +--------+--------+--------+--------+--------+-----+--------+
         Total |   5726 |   5464 |    262 |    348 |   4314 |   8 |  715.8 |
       Dungeon |   5430 |   5198 |    232 |    348 |   4051 |   7 |  775.7 |
        Temple |    296 |    266 |     30 |      0 |    263 |   1 |  296.0 |
               +--------+--------+--------+--------+--------+-----+--------+

Top non-repeatable levels by time:
     D:1: 1361 daAuts
     D:4: 1303 daAuts
     D:6: 1089 daAuts
     D:2: 705 daAuts
     D:3: 651 daAuts
  Temple: 296 daAuts
     D:5: 280 daAuts
     D:7: 39 daAuts
